AoeStats
← Caronte

Arabia

506519177Analyzed
3v3 RM · 19d ago on Sep 13, 2026· 34m 35s· 6 players
Game mode
Random Map
Map size
Normal (6 player)
Population
200
Speed
Normal
Resources
Standard
Victory
Conquest
Starting age
Dark Age
Ending age
Imperial Age
RankedLock teamsTeams togetherTeam positionsShared explorationLock speedFull tech treeHidden civsTurbo modeCheats
Victory
Defeat
🇧🇷 Romans · Brazil
966
+12
🇧🇷 Goths · Brazil
942
+13
🇧🇷 Vietnamese · Brazil
795
+20
🇨🇦 Goths · Canada
909
-16
🇦🇷 Sicilians · Argentina
880
-15
🇺🇸 Byzantines · United States
848
-14
Caronte
10:21 Feudal Age
11:44 Wheelbarrow
10:54 Horse Collar
11:02 Double-Bit Axe
19:08 Castle Age
22:12 Gold Mining
Le$bean
4:36 Loom
14:20 Feudal Age
16:03 Horse Collar
16:11 Double-Bit Axe
18:04 Man-at-Arms
18:57 Forging
23:40 Castle Age
23:49 Long Swordsman
25:05 Bloodlines
26:02 Anarchy
29:30 Scale Mail Armor
Phil Mccrack
6:41 Loom
14:35 Feudal Age
15:30 Double-Bit Axe
15:26 Horse Collar
15:27 Man-at-Arms
20:38 Castle Age
21:56 Bow Saw
22:48 Forging
23:00 Heavy Plow
25:39 Wheelbarrow
25:17 Gold Mining
25:17 Stone Mining
29:08 Husbandry
28:29 Light Cavalry
32:57 Scale Barding Armor
33:16 Hand Cart
34:46 Gold Shaft Mining
BARBARUIVA
6:42 Loom
12:39 Feudal Age
10:55 Loom
14:48 Double-Bit Axe
20:40 Castle Age
18:51 Stone Mining
18:45 Horse Collar
20:50 Gold Mining
22:45 Squires
22:06 Man-at-Arms
26:14 Husbandry
27:30 Bow Saw
29:21 Bloodlines
29:19 Scale Barding Armor
33:27 Heavy Plow
33:54 Town Watch
35:24 Wheelbarrow
Tchuca
5:40 Loom
10:56 Feudal Age
11:45 Double-Bit Axe
15:22 Arson
20:40 Castle Age
19:05 Stone Mining
19:47 Gold Mining
19:41 Horse Collar
20:19 Padded Archer Armor
20:53 Crossbowman
22:23 Fletching
22:49 Leather Archer Armor
23:11 Squires
23:14 Scale Mail Armor
24:22 Bodkin Arrow
30:22 Wheelbarrow
30:10 Thumb Ring
jhonkiller
5:19 Loom
7:12 Loom
9:18 Feudal Age
13:56 Castle Age
13:12 Double-Bit Axe
Connection lost

Rejoining the realm…

Still unreachable

The connection could not be restored.

Session expired

The server has moved on; the page needs a fresh start.